 Dungeon Crawl Stone Soup version 0.29-a0-284-gf9362112df (webtiles) character file.

Game seed: 3146645214780293695

72 sammy202020 the Skirmisher (level 4, -1/41 HPs)
             Began as a Minotaur Berserker on Mar 22, 2022.
             Was a Believer of Trog.
             Killed by nerve-wracking pain
             ... invoked by Grinder
              (14 damage)
             ... on level 3 of the Dungeon.
             The game lasted 00:02:20 (2359 turns).

sammy202020 the Skirmisher (Minotaur Berserker)     Turns: 2359, Time: 00:02:21

Health: -1/41      AC: 10    Str: 21    XL:     4   Next: 7%
Magic:  3/3        EV:  8    Int:  6    God:    Trog [**....]
Gold:   92         SH:  0    Dex: 10    Spells: 3/3 levels left

rFire   . . .      SeeInvis .   a - +0 hand axe
rCold   . . .      Faith    .   (no shield)
rNeg    . . .      Spirit   .   l - +0 chain mail
rPois   .          Reflect  .   (helmet restricted)
rElec   .          Harm     .   (no cloak)
rCorr   .          Rampage  .   j - +0 pair of gloves
Will    .....                   (no boots)
Stlth   ..........              (no amulet)
HPRegen 0.13/turn               c - ring of flight
MPRegen 0.08/turn               (no ring)

@: flying
A: horns 2, retaliatory headbutt
a: Renounce Religion, Berserk, Trog's Hand


You were on level 3 of the Dungeon.
You worshipped Trog.
Trog was pleased with you.
You visited 1 branch of the dungeon, and saw 3 of its levels.

You collected 92 gold pieces.

Inventory:

Hand Weapons
 a - a +0 hand axe (weapon)
Armour
 j - a +0 pair of gloves (worn)
 l - a +0 chain mail (worn)
Jewellery
 c - a ring of flight (left hand)
Wands
 t - a wand of flame (7)
Scrolls
 d - a scroll of vulnerability {unknown}
 e - 2 scrolls of identify {unknown}
 h - a scroll of summoning {unknown}
 i - a scroll of noise {unknown}
 k - a scroll of magic mapping {unknown}
 o - 2 scrolls of blinking {unknown}
 p - a scroll of enchant weapon {unknown}
 q - a scroll of teleportation {unknown}
 r - a scroll of immolation {unknown}
Potions
 b - a potion of heal wounds {unknown}
 f - a potion of invisibility {unknown}
 g - a potion of haste {unknown}
 m - a potion of lignification {unknown}
 n - 2 potions of attraction {unknown}
 s - a potion of curing {unknown}


   Skills:
 * Level 4.5 Fighting
 * Level 4.4 Axes
 * Level 3.4 Armour
 + Level 2.6 Dodging


You had 3 spell levels left.
You didn't know any spells.
Your spell library was empty.

Dungeon Overview and Level Annotations

Branches:
Dungeon (3/15)

Altars:

Shops:
D:1 *:

Annotations:
D:3 Grinder


Innate Abilities, Weirdness & Mutations

You have a pair of horns on your head.
You reflexively headbutt those who attack you in melee.


Message History

No target in view!
No target in view!
t - a wand of flame (7)
You now have 64 gold pieces (gained 6).
You now have 83 gold pieces (gained 19).
You see here a +0 robe.
You now have 92 gold pieces (gained 9).
Found a stone staircase leading up.
You hear the slow rusting of a drain nearby.
Grinder comes into view.
She is carrying a wand of flame (10).
Grinder is nearby!
Grinder is nearby!
Grinder gestures at you.
You suddenly lose the ability to move!
Grinder zaps a wand.
The puff of flame hits you but does no damage.
Grinder blinks!
Grinder zaps a wand.
The puff of flame hits you.
You can move again.
You see here a scroll labelled LUOTABRUGI.
Grinder gestures at you.
You shrug off the repeated paralysis!
Grinder gestures at you. You resist with significant effort. Grinder hits you.
You writhe in agony.
You hit Grinder.
Grinder is lightly wounded.
Grinder hits you.
You writhe in agony.
You closely miss Grinder.
Grinder is lightly wounded.
Grinder gestures at you. Pain shoots through your body!
You barely miss Grinder. Your headbutt misses Grinder.
Grinder is lightly wounded.
Grinder zaps a wand.
The puff of flame hits you!
You hit Grinder. Your headbutt misses Grinder.
Grinder is moderately wounded.
Grinder gestures at you. Pain shoots through your body!
You die...

### #.. #... ######
..... ........ ...#
#.#.#.#.#. ..#
#.#.#.#.#.#.
#5#.#.#.#.#.#.#.
#@#.#.#.#.#.#.#.
#.#.#.#.#.#.#.#.#.
..#.<.#.#.#.#.#.#.#
..##.#.#?#.#.#.#.#.#
## #.#.#.#.#.#.#.#.#
##.#.#.#.#.#.#.#
##.#.#.#.#.#.#
##.#.#.#.#.#
#.#.#.#.#.#


You could see Grinder.

Vanquished Creatures
  3 adders (D:2)
  A worm (D:3)
  A dart slug (D:2)
  5 endoplasms
  A giant cockroach (D:1)
  6 goblins
  4 hobgoblins
  3 quokkas
  6 ball pythons
  2 bats
  3 kobolds
  4 rats
39 creatures vanquished.

Notes
Turn   | Place    | Note
-------+----------+-------------------------------------------
     0 | D:1      | sammy202020 the Minotaur Berserker began the quest for the
                  | Orb.
     0 | D:1      | Reached XP level 1. HP: 19/19 MP: 0/0
   259 | D:1      | Found Mawujepn's Assorted Antiques.
   387 | D:1      | Found Idiel's Book Boutique.
   573 | D:1      | Reached XP level 2. HP: 15/27 MP: 1/1
  1127 | D:2      | Reached XP level 3. HP: 7/33 MP: 2/2
  1529 | D:2      | Reached ** piety under Trog
  2108 | D:2      | Reached XP level 4. HP: 41/41 MP: 3/3
  2345 | D:3      | Noticed Grinder
  2346 | D:3      | Paralysed by Grinder for 7 turns
  2359 | D:3      | Killed from afar by Grinder

Illustrated notes

Levels and vault maps discovered:
D:1:      lemuel_arrival_behind_the_door_small, layout_basic, serial_shops,
          nicolae_shop_window_shopping, shop, chequers_decorated_corner
D:2:      layout_loops_ring, corexii_item_surrounded_by_moat,
          dreamdust_princess_corridor, corexii_shack
D:3:      minmay_octagon_keep, layout_basic, portal_sewer_entry_c,
          minmay_rat_hole, uniq_grinder, uniq_natasha

Skill      XL: |  1  2 |
---------------+-------+-----
Axes           | 4 |  4.4
Fighting       | 4 |  4.5
Armour         | 3 |  3.4
Dodging        | |  2.6

Action                   |  1- 3 |  4- 6 || total
-------------------------+-------+-------++-------
Melee: Hand axe          |   101 |     8 ||   109
       Headbutt          |    16 |       ||    16
       Punch             |     3 |       ||     3
Invok: Berserk           |     1 |       ||     1
Armor: Animal skin       |    13 |       ||    13
       Chain mail        |    32 |     2 ||    34
Dodge: Dodged            |    58 |     2 ||    60

Table legend: (Time is in decaauts)
 A = Elapsed time spent in this place.
 B = Non-inter-level travel time spent in this place.
 C = Inter-level travel time spent in this place.
 D = Time resting spent in this place.
 E = Time spent auto-exploring this place.
 F = Levels seen in this place.
 G = Mean time per level.
                   A        B        C        D        E       F      G
               +--------+--------+--------+--------+--------+-----+--------+
         Total |   2380 |   2337 |     43 |      0 |   1936 |   3 |  793.3 |
       Dungeon |   2380 |   2337 |     43 |      0 |   1936 |   3 |  793.3 |
               +--------+--------+--------+--------+--------+-----+--------+

Top non-repeatable levels by time:
     D:2: 1206 daAuts
     D:1: 1054 daAuts
     D:3: 119 daAuts
